 Dungeon Crawl Stone Soup version 0.28-a0-105-g49a0850c41 (webtiles) character file.

Game seed: 11992215937977417231

51 pokeman the Magician (level 3, 0/20 HPs)
             Began as a Deep Elf Hedge Wizard on Aug 12, 2021.
             Succumbed to a scorpion's poison
             ... on level 3 of the Dungeon.
             The game lasted 00:04:09 (2541 turns).

pokeman the Magician (Deep Elf Hedge Wizard)        Turns: 2541, Time: 00:04:10

Health: 0/20       AC:  3    Str:  7    XL:     3   Next: 58%
Magic:  11/11      EV: 11    Int: 19    God:
Gold:   60         SH:  0    Dex: 14    Spells: 1/12 levels left

rFire   . . .      SeeInvis .   a - +0 dagger
rCold   . . .      Faith    .   (no shield)
rNeg    . . .      Spirit   .   k - +0 leather armour
rPois   .          Reflect  .   c - +0 hat
rElec   .          Harm     .   (no cloak)
rCorr   .          Rampage  .   (no gloves)
Will    .....                   (no boots)
Stlth   ++........              (no amulet)
HPRegen 0.06/turn               (no ring)
MPRegen 0.12/turn               (no ring)

@: lethally poisoned (0 -> -4), flying, very slightly contaminated
A: no striking features
a: no special abilities


You were on level 3 of the Dungeon.
You visited 1 branch of the dungeon, and saw 3 of its levels.

You collected 60 gold pieces.

Inventory:

Hand Weapons
 a - a +0 dagger (weapon)
Missiles
 h - 28 bolts
 l - 9 arrows
Armour
 c - a +0 hat (worn)
 k - a +0 leather armour (worn)
Scrolls
 d - 3 scrolls of noise {unknown}
 e - a scroll of holy word {unknown}
 f - a scroll of blinking {unknown}
 g - a scroll of identify {unknown}
 i - 2 scrolls of fear {unknown}
Potions
 m - a potion of curing {unknown}
 n - a potion of brilliance {unknown}


   Skills:
 - Level 1.0 Fighting
 - Level 1.0 Armour
 + Level 2.4 Dodging
 - Level 2.4 Stealth
 * Level 5.3 Spellcasting
 + Level 1.9 Conjurations
 - Level 1.1 Summonings
 - Level 1.1 Translocations
 + Level 0.0 Fire Magic


You had one spell level left.
You knew the following spells:

 Your Spells              Type           Power      Damage    Failure   Level
a - Magic Dart            Conj           48%        1d5       8%          1
b - Mephitic Cloud        Conj/Pois/Air  7%         N/A       38%         3
c - Call Imp              Summ           9%         N/A       17%         2
d - Blink                 Tloc           N/A        N/A       17%         2
e - Conjure Flame         Conj/Fire      8%         6-21      34%         3

Your spell library contained the following spells:

 Spells                   Type           Power      Damage    Failure   Level
 Slow                     Hex            5%         N/A       26%         2


Dungeon Overview and Level Annotations

Branches:
Dungeon (3/15)

Altars:

Shops:
D:2 [


Message History

The spell is potentially lethal to cast (34% risk of failure)!
Continue anyway?
You miscast Conjure Flame.
You are very lightly contaminated with residual magic.
A wave of violent energy washes through your body!
Casting: Conjure Flame (potentially lethal; 34% risk of failure)
Confirm with . or Enter, or press ? or * to list all spells.
The spell is potentially lethal to cast (38% risk of failure)!
Continue anyway?
Aiming: Mephitic Cloud (potentially lethal; 38% risk of failure)
Press: ? - help, Shift-Dir - straight line, f - scorpion
Aim: a scorpion (chance to affect: 81%)
You miscast Mephitic Cloud.
Nothing appears to happen.
Unknown command.
Casting: Mephitic Cloud (potentially lethal; 38% risk of failure)
Confirm with . or Enter, or press ? or * to list all spells.
A beastly little devil appears in a puff of flame.
The scorpion closely misses you. The scorpion stings you.
You are lethally poisoned!
The scorpion poisons you!
You feel very sick.
There is an open door here.
You swap places.
* * * LOW HITPOINT WARNING * * *
You feel very sick. The scorpion stings your crimson imp.
Your crimson imp blinks!
Unknown command.
* * * LOW HITPOINT WARNING * * *
You feel sick.
It was a potion of flight.
You feel very buoyant.
You fly up into the air.
* * * LOW HITPOINT WARNING * * *
You feel sick.
You swap places.
* * * LOW HITPOINT WARNING * * *
You feel sick.
The scorpion barely misses your crimson imp.
The scorpion misses your crimson imp.
It was a potion of magic.
Magic courses through your body.
You die...

#. #. ### #. # ##.## #. #.##
####...## ### #. #.#.##
##.......## ##.###.
####....####.........####...##.
...........'s5@......'.........
.###....####.........####.....#
.......## ##.......## ##...##
......# ##.....## #..## ......
##...## #...## #..... ##+##
###..# #..(. #... ###.# #. ##.#
.. ##.############.#


You could see a scorpion (ally target) and a friendly crimson imp (summoned).

Vanquished Creatures
  2 adders (D:2)
  A dart slug (D:1)
  A bat (D:2)
  5 endoplasms
  A giant cockroach (D:1)
  2 goblins (D:2)
  A hobgoblin (D:2)
  2 kobolds
  A quokka (D:1)
  5 ball pythons
  4 frilled lizards
  5 rats
30 creatures vanquished.

Vanquished Creatures (collateral kills)
  A worm (D:2)
1 creature vanquished.

Grand Total: 31 creatures vanquished

Notes
Turn   | Place    | Note
-------+----------+-------------------------------------------
     0 | D:1      | pokeman the Deep Elf Hedge Wizard began the quest for the
                  | Orb.
     0 | D:1      | Reached XP level 1. HP: 10/10 MP: 7/7
    24 | D:1      | Found a faded altar of an unknown god.
   571 | D:1      | Reached XP level 2. HP: 15/15 MP: 4/9
  1258 | D:2      | Found Epiy's Antique Armour Shop.
  1380 | D:2      | Reached skill level 5 in Spellcasting
  1627 | D:2      | Reached XP level 3. HP: 20/20 MP: 0/11
  1631 | D:2      | Learned a level 3 spell: Mephitic Cloud
  1634 | D:2      | Learned a level 2 spell: Call Imp
  1637 | D:2      | Learned a level 2 spell: Blink
  1641 | D:2      | Learned a level 3 spell: Conjure Flame
  1813 | D:2      | Reached skill level 1 in Armour
  2187 | D:2      | Reached skill level 1 in Fighting
  2528 | D:3      | Noticed a scorpion
  2540 | D:3      | HP: 1/20 [poisoned by a scorpion]
  2541 | D:3      | Succumbed to a scorpion's poison

Illustrated notes

Levels and vault maps discovered:
D:1:      dpeg_arrival_short_road, layout_basic,
          shapermc_ecumenical_altar_flowoftime
D:2:      layout_basic, serial_shops, nicolae_shop_behind_doors,
          minmay_pentomino_pile
D:3:      minmay_roachtagon, layout_loops_corners, amcnicky_altar_gilded,
          minmay_diced_spiral, uniq_sigmund

Skill      XL: |  1  2  3 |
---------------+----------+-----
Spellcasting   | 5 |  5.3
Armour         | 1 |  1.0
Fighting       | 1 |  1.0
Dodging        | |  2.4
Stealth        | |  2.4
Conjurations   | |  1.9
Summonings     | |  1.1
Translocations | |  1.1

Action                   || total
-------------------------++-------
Melee: Dagger            ||     2
 Cast: Magic Dart        ||    87
       Call Imp          ||     5
  Use: Potion            ||     2
 Stab: Sleeping          ||     1
Armor: Robe              ||     1
       Leather armour    ||     3
Dodge: Dodged            ||     7

Table legend: (Time is in decaauts)
 A = Elapsed time spent in this place.
 B = Non-inter-level travel time spent in this place.
 C = Inter-level travel time spent in this place.
 D = Time resting spent in this place.
 E = Time spent auto-exploring this place.
 F = Levels seen in this place.
 G = Mean time per level.
                   A        B        C        D        E       F      G
               +--------+--------+--------+--------+--------+-----+--------+
         Total |   2540 |   2510 |     30 |    112 |   2159 |   3 |  846.7 |
       Dungeon |   2540 |   2510 |     30 |    112 |   2159 |   3 |  846.7 |
               +--------+--------+--------+--------+--------+-----+--------+

Top non-repeatable levels by time:
     D:2: 1475 daAuts
     D:1: 1004 daAuts
     D:3: 60 daAuts
